 Dungeon Crawl Stone Soup version 0.30-a0-721-ga6a225cb13 (webtiles) character file.

Game seed: 12482330730015816568

6467 Dirtsage the Transmogrifier (level 11, -11/86 HPs)
             Began as an Octopode Transmuter on Jan 27, 2023.
             Was a Follower of the Shining One.
             Mangled by Gastronok (24 damage)
             ... on level 8 of the Dungeon.
             The game lasted 00:24:33 (8712 turns).

Dirtsage the Transmogrifier (Octopode Transmuter)   Turns: 8712, Time: 00:24:33

Health: -11/86     AC: 15    Str:  8 (10) XL:     11   Next: 0%
Magic:  0/23       EV: 11    Int: 16 (19) God:    the Shining One [*.....]
Gold:   299        SH:  0    Dex: 11 (13) Spells: 7/14 levels left

rFire   x . .      SeeInvis .      - Unarmed
rCold   + + +      Faith    .    (shield currently unavailable)
rNeg    + . .      Spirit   +    (helmet currently unavailable)
rPois   +          Reflect  .    f - amulet of guardian spirit
rElec   .          Harm     .    k - +4 ring of protection
rCorr   .          Rampage  .    N - ring of positive energy
Will    .....                    J - ring of magical power
Stlth   +                        (no ring)
HPRegen 0.34/turn                (no ring)
MPRegen 0.18/turn                (no ring)
                                 (no ring)
                                 (no ring)

@: brilliant, ice-form, weak-willed, flying (expiring), hasted and slowed,
glowing
A: freezing attack, boosted hp, almost no armour, amphibious, 8 rings, large,
(camouflage 1), (gelatinous body 1), (nimble swimmer 1), (tentacles)
a: End Transformation, Renounce Religion, Divine Shield


You were on level 8 of the Dungeon.
You worshipped the Shining One.
The Shining One was aware of your devotion.
You were a creature of crystalline ice.
You visited 2 branches of the dungeon, and saw 10 of its levels.

You collected 299 gold pieces.

Inventory:

Hand Weapons
 p - the +4 falchion of Suemnuut {heavy, +Blink Int+3}
   (You found it on level 3 of the Dungeon)

   Int:       It affects your intelligence (+3).
   +Blink:    It lets you blink.
Missiles
 t - 9 curare-tipped darts
 F - 3 throwing nets
Armour
 E - a +2 hat (melded)
Magical Staves
 K - a staff of cold (melded)
Jewellery
 f - an amulet of guardian spirit (around neck)
 k - a +4 ring of protection (left front paw)
 G - an amulet of the acrobat
 J - a ring of magical power (on tentacle)
 N - a ring of positive energy (right front paw)
Wands
 z - a wand of flame (28)
 D - a wand of digging (6)
 H - a wand of charming (6)
 L - a wand of roots (8)
Scrolls
 a - a scroll of noise {unknown}
 b - 15 scrolls of identify {unknown}
 c - 2 scrolls of enchant armour
 d - 2 scrolls of silence {unknown}
 g - a scroll of fog {unknown}
 j - 2 scrolls of vulnerability
 n - a scroll of blinking {unknown}
 o - 2 scrolls of immolation {unknown}
 r - a scroll of acquirement {unknown}
 u - 2 scrolls of magic mapping {unknown}
 v - a scroll of fear {unknown}
 w - 2 scrolls of teleportation {unknown}
 x - a scroll of enchant weapon {unknown}
 y - a scroll of poison {unknown}
 C - a scroll of amnesia {unknown}
Potions
 e - 4 potions of degeneration
 i - a potion of mutation {unknown}
 l - 2 potions of heal wounds
 s - 5 potions of flight
 I - a potion of attraction {unknown}


   Skills:
 + Level 5.5 Fighting
 + Level 4.4 Dodging
 * Level 7.8 Unarmed Combat
 - Level 2.0 Spellcasting
 - Level 8.4 Transmutations
 - Level 8.1 Ice Magic
 + Level 4.3 Invocations
 + Level 4.2 Evocations


You had 7 spell levels left.
You knew the following spells:

 Your Spells              Type           Power      Damage    Failure   Level
a - Beastly Appendage     Tmut           86%        N/A       1%          1
b - Wereblood             Tmut           43%        N/A       1%          2
c - Ice Form              Ice/Tmut       42%        N/A       7%          4

Your spell library contained the following spells:

 Spells                   Type           Power      Damage    Failure   Level
 Spider Form              Tmut/Pois      22%        N/A       11%         3
 Necrotise                Necr           8%         1d4       21%         1
 Call Canine Familiar     Summ           2%         N/A       52%         3
 Gell's Gravitas          Tloc           2%         N/A       52%         3
 Portal Projectile        Hex/Tloc       4%         N/A       52%         3
 Teleport Other           Tloc           2%         N/A       52%         3
 Vampiric Draining        Necr           2%         2d6       52%         3
 Leda's Liquefaction      Hex/Erth       1%         N/A       90%         4
 Agony                    Necr           2%         N/A       99%         5
 Dispersal                Tloc           1%         N/A       100%        6


Dungeon Overview and Level Annotations

Branches:
Dungeon (9/15)             Temple (1/1) D:7
   Lair: D:8-11         Orc: D:9-12

Altars:
Cheibriados
Elyvilon
Fedhas
Gozag
Qazlal
Ru
Sif Muna
Trog
Vehumet
Wu Jian
Zin
The Shining One

Annotations:
D:8 Gastronok, Joseph, Maggie
D:9 4 transporters


Innate Abilities, Weirdness & Mutations

You are a creature of crystalline ice.
You have a powerful freezing melee attack.
Your maximum health is increased.
Your armour is entirely melded.
You are incapable of wielding weapons or throwing items.
You cannot wear most types of armour.
You are amphibious.
You can wear up to eight rings at the same time.
((Your skin changes colour to match your surroundings (Stealth+).))
((Your rubbery body absorbs attacks. (AC +1, EV +1)))
((You are camouflaged when in or above water. (Stealth+)))
((You have tentacles for arms and can constrict up to eight enemies at once.))


Message History

You feel invigorated.
Gastronok gurgles, "Slow down, so I can eat you."
Gastronok bites you!!
* * * LOW HITPOINT WARNING * * *
You take 20 damage, and have 18/86 hp.
MASSIVE DAMAGE!!
You feel better.
You feel less invigorated.
You regained 14 hp, and now have 32/86 hp.
You regained 4 mp, and now have 8/23 mp.
You feel much better. Gastronok bites you!
You regained 15 hp, and now have 47/86 hp.
You now have 6/23 mp.
You hit Gastronok but do no damage.
Gastronok is heavily wounded.
You hit Gastronok but do no damage.
Gastronok is heavily wounded.
Gastronok bites you.
You take 3 damage, and have 44/86 hp.
You punch Gastronok! You freeze Gastronok!
Gastronok is severely wounded.
You hit Gastronok. You freeze Gastronok.
Gastronok is severely wounded.
Gastronok bites you!!
* * * LOW HITPOINT WARNING * * *
You take 21 damage, and have 23/86 hp.
MASSIVE DAMAGE!!
You now have 4/23 mp.
You hit Gastronok but do no damage.
Gastronok is severely wounded.
You hit Gastronok but do no damage.
Gastronok is severely wounded.
You hit Gastronok. You freeze Gastronok.
Gastronok is severely wounded.
Gastronok bites you!
* * * LOW HITPOINT WARNING * * *
You take 12 damage, and have 12/86 hp.
You now have 2/23 mp.
You hit Gastronok. You freeze Gastronok.
Gastronok is severely wounded.
You are starting to lose your buoyancy.
You punch Gastronok! You freeze Gastronok.
Gastronok is almost dead.
Gastronok bites you!!
You die...

..<....... ..........
.w........ .@........
.......... ########'## #####
#...####.@########...##
......#........#......#
......#........#Y.....#
......#........w......#
......'..).....#......#
.@....#........#.>....#
......###......#####'########
#####+#
#########...........##
#.............#
#.............#
#.....[.......#


You could see Gastronok (swift, weak-willed).

Vanquished Creatures
  Harold (D:9)
  2 two-headed ogres
  Pikel (D:6)
  Maurice (D:8)
  Prince Ribbit (D:9)
  4 yaks (D:9)
  Duvessa (D:6)
  An ice beast (D:7)
  An orc warrior (D:6)
  A black bear (D:7)
  A sky beast (D:7)
  2 ogres
  2 centaurs (D:9)
  2 lemures (D:6)
  A phantom (D:5)
  A kobold brigand (D:8)
  A bullfrog (D:7)
  2 scorpions
  Dowan (D:6)
  15 wights
  6 killer bees
  4 howler monkeys
  2 jellies (D:7)
  2 gnoll boudas
  2 orc priests
  3 hounds (D:6)
  3 iguanas
  3 orc wizards
  12 gnolls
  14 adders
  A shadow imp (D:6)
  A white imp (D:6)
  A worm (D:7)
  2 dart slugs
  10 orcs
  17 ball pythons
  4 endoplasms
  4 giant cockroaches
  5 goblins
  7 hobgoblins
  6 jackals
  5 quokkas
  2 bats
  4 frilled lizards
  8 kobolds
  6 rats
176 creatures vanquished.

Vanquished Creatures (others)
  An orc wizard (D:4)
  A kobold (D:8)
2 creatures vanquished.

Grand Total: 178 creatures vanquished

Notes
Turn   | Place    | Note
-------+----------+-------------------------------------------
     0 | D:1      | Dirtsage the Octopode Transmuter began the quest for the
                  | Orb.
     0 | D:1      | Reached XP level 1. HP: 13/13 MP: 3/3
   122 | D:1      | Reached skill level 1 in Ice Magic
   122 | D:1      | Reached XP level 2. HP: 14/18 MP: 3/5
   125 | D:1      | Learned a level 2 spell: Wereblood
   560 | D:1      | Reached XP level 3. HP: 21/23 MP: 3/6
  1616 | D:3      | Identified the +4 falchion of Suemnuut {heavy, +Blink
                  | Int+3}
  1712 | D:3      | You fall into a shaft and drop 1 floor!
  1720 | D:4      | Reached XP level 4. HP: 28/28 MP: 5/7
  1894 | D:4      | Reached XP level 5. HP: 31/33 MP: 4/8
  1917 | D:4      | Learned a level 4 spell: Ice Form
  2403 | D:3      | Reached XP level 6. HP: 38/38 MP: 3/9
  3308 | D:4      | Reached skill level 5 in Transmutations
  3708 | D:5      | Entered Level 5 of the Dungeon
  3836 | D:5      | Reached XP level 7. HP: 43/43 MP: 5/10
  3882 | D:5      | Found a shimmering blue altar of Sif Muna.
  3962 | D:5      | Reached skill level 5 in Ice Magic
  4795 | D:6      | Reached XP level 8. HP: 48/48 MP: 11/11
  4851 | D:6      | Noticed Pikel
  4871 | D:6      | Killed Pikel
  5299 | D:6      | Noticed Duvessa
  5300 | D:6      | Noticed Dowan
  5310 | D:6      | Killed Duvessa
  5314 | D:6      | Killed Dowan
  5448 | D:6      | Reached XP level 9. HP: 45/55 MP: 6/12
  5524 | D:6      | Noticed a two-headed ogre
  5538 | D:6      | HP: 1/82 [two-headed ogre/+0 giant club (20)]
  5539 | D:6      | Killed a two-headed ogre
  6284 | D:6      | Found a glowing golden altar of the Shining One.
  6287 | D:6      | Became a worshipper of the Shining One
  6298 | D:6      | Found an opulent altar of Gozag.
  6396 | D:7      | Noticed a moth of wrath
  6399 | D:7      | Found a bloodstained altar of Trog.
  6588 | D:7      | Found a staircase to the Ecumenical Temple.
  6601 | Temple   | Entered the Ecumenical Temple
  6639 | D:7      | Reached skill level 5 in Unarmed Combat
  6655 | D:7      | Found a radiant altar of Vehumet.
  6660 | D:7      | Reached skill level 1 in Evocations
  6687 | D:7      | Reached skill level 1 in Invocations
  6915 | D:7      | Found an ornate altar of the Wu Jian Council.
  6918 | D:7      | Found a glowing silver altar of Zin.
  6922 | D:7      | Found a blossoming altar of Fedhas.
  6955 | D:7      | Found a white marble altar of Elyvilon.
  6985 | D:7      | Found a sacrificial altar of Ru.
  7042 | D:7      | Reached XP level 10. HP: 64/64 MP: 7/13
  7052 | D:8      | Noticed Maggie
  7088 | D:8      | Noticed Gastronok
  7088 | D:8      | Noticed Maurice
  7142 | D:8      | Noticed Joseph
  7142 | D:8      | Noticed a two-headed ogre
  7259 | D:7      | Reached * piety under the Shining One
  7308 | D:7      | Saving game... please wait.
  7565 | D:9      | Noticed Harold
  7584 | D:9      | Killed Harold
  7852 | D:9      | Found a transporter.
  7853 | D:9      | Found a transporter.
  7892 | D:9      | Found a snail-covered altar of Cheibriados.
  7941 | D:9      | Noticed Prince Ribbit
  7945 | D:9      | Killed Prince Ribbit
  8025 | D:9      | Found a transporter.
  8025 | D:9      | Found a transporter.
  8325 | D:9      | Reached skill level 5 in Fighting
  8632 | D:8      | Killed a two-headed ogre
  8665 | D:8      | Killed Maurice
  8666 | D:8      | Reached XP level 11. HP: 72/72 MP: 14/14
  8712 | D:8      | Mangled by Gastronok

Illustrated notes

Levels and vault maps discovered:
D:1:      amcnicky_arrival_wind_blow, layout_loops_ring, minmay_close_crescents
D:2:      layout_loops_cross
D:3:      layout_loops_corners
D:4:      layout_basic, minmay_snake_closets
D:5:      layout_gridville, lemuel_tele_altar
D:6:      layout_gridville, mainiacjoe_overflow_swirl, minmay_manual_mullet,
          uniq_pikel, uniq_duvessa
D:7:      layout_basic, kennysheep_mini_moat, nicolae_ru_the_path_less_chosen,
          tgw_trog, minitemple, vehumet_altar_wand_db, minmay_temple_entry_hall
D:8:      layout_gridville, mainiacjoe_overflow_small_starburst, serial_shops,
          nicolae_shop_bloodbath_and_beyond, uniq_gastronok, uniq_joseph,
          uniq_maurice, uniq_maggie
D:9:      layout_grid_maze, mainiacjoe_overflow_catwalk,
          nicolae_diode_quadrants, uniq_harold, uniq_prince_ribbit1
Temple:   chequers_temple_sunken

Skill      XL: |  1  2  3  4  5  6  7  8  9 10 |
---------------+-------------------------------+-----
Ice Magic      | 1 2 3 4 6 7 8 |  8.1
Transmutations | 3 4 5 6 7 8 |  8.4
Fighting       | 2 4 5 |  5.5
Unarmed Combat | 4 5 7 |  7.8
Evocations     | 1 4 |  4.2
Invocations    | 1 4 |  4.3
Dodging        | 4 |  4.4
Spellcasting   | |  2.0

Action                     |  1- 3 |  4- 6 |  7- 9 | 10-12 || total
---------------------------+-------+-------+-------+-------++-------
  Melee: Unarmed           |    87 |   116 |   216 |    95 ||   514
         Constrict         |    29 |    19 |     3 |       ||    51
         Kick              |    21 |    20 |       |       ||    41
         Tentacles         |    13 |    20 |     4 |       ||    37
         Punch             |     4 |     1 |     3 |       ||     8
  Throw: Dart              |       |       |     1 |       ||     1
   Cast: Beastly Appendage |    21 |     7 |       |       ||    28
         Wereblood         |     4 |     4 |     9 |     7 ||    24
         Ice Form          |       |     4 |    23 |    13 ||    40
 Invoke: Divine Shield     |       |       |       |     1 ||     1
  Evoke: Wand              |       |       |     1 |     2 ||     3
    Use: Potion            |       |       |     1 |    10 ||    11
         Scroll            |       |       |       |     2 ||     2
   Stab: Sleeping          |     5 |     7 |       |       ||    12
 Armour: Skin              |    18 |    28 |    65 |    29 ||   140
  Dodge: Dodged            |    53 |    50 |    85 |    52 ||   240
  Block: Other             |       |       |       |     2 ||     2

Table legend: (Time is in decaauts)
 A = Elapsed time spent in this place.
 B = Non-inter-level travel time spent in this place.
 C = Inter-level travel time spent in this place.
 D = Time resting spent in this place.
 E = Time spent auto-exploring this place.
 F = Levels seen in this place.
 G = Mean time per level.
                   A        B        C        D        E       F      G
               +--------+--------+--------+--------+--------+-----+--------+
         Total |   8680 |   8311 |    369 |    273 |   6574 |  10 |  868.0 |
       Dungeon |   8677 |   8308 |    369 |    273 |   6574 |   9 |  964.1 |
        Temple |      2 |      2 |      0 |      0 |      0 |   1 |    2.0 |
               +--------+--------+--------+--------+--------+-----+--------+

Top non-repeatable levels by time:
     D:6: 1609 daAuts
     D:9: 1226 daAuts
     D:4: 1094 daAuts
     D:5: 1022 daAuts
     D:3: 1000 daAuts
     D:7: 938 daAuts
     D:2: 819 daAuts
     D:1: 782 daAuts
     D:8: 184 daAuts
  Temple: 2 daAuts
